 Dungeon Crawl Stone Soup version 0.27-a0-277-g024f7ef292 (webtiles) character file.

Game seed: 14712120351803677192

1 skwiii the Caller (level 1, 0/13 HPs)
             Began as a Merfolk Summoner on Feb 6, 2021.
             Slain by a goblin
             ... wielding a +0 club
              (5 damage)
             ... on level 1 of the Dungeon.
             The game lasted 00:00:30 (103 turns).

skwiii the Caller (Merfolk Summoner)                 Turns: 103, Time: 00:00:30

Health: 0/13       AC:  2    Str:  8    XL:     1   Next: 20%
Magic:  3/3        EV: 13    Int: 14    God:
Gold:   26         SH:  0    Dex: 14    Spells: 3/4 levels left

rFire    . . .     SeeInvis .   (no weapon)
rCold    . . .     Faith    .   (no shield)
rNeg     . . .     Spirit   .   a - +0 robe
rPois    .         Reflect  .   (no helmet)
rElec    .         Harm     .   (no cloak)
rCorr    .         Rampage  .   (no gloves)
Will     .....                  (no boots)
Stlth    ++........             (no amulet)
HPRegen  0.04/turn              (no ring)
MPRegen  0.08/turn              (no ring)

@: no status effects
A: change form in water, swift swim, stealthy swim
a: no special abilities


You were on level 1 of the Dungeon.
You visited 1 branch of the dungeon, and saw 1 of its levels.

You collected 26 gold pieces.

Inventory:

Armour
 a - a +0 robe (worn)
Jewellery
 b - a cursed -4 ring of dexterity {unknown}
 d - an uncursed amulet of magic regeneration {unknown}
Potions
 c - a potion of lignification {unknown}


   Skills:
 + Level 2.8 Dodging
 + Level 2.2 Stealth
 + Level 2.0 Spellcasting
 + Level 4.0 Summonings


You had 3 spell levels left.
You knew the following spells:

 Your Spells              Type           Power        Failure   Level
a - Summon Small Mammal   Summ           48%          4%          1

Your spell library contained the following spells:

 Spells                   Type           Power        Failure   Level
 Call Imp                 Summ           12%          7%          2
 Call Canine Familiar     Summ           12%          14%         3
 Summon Guardian Golem    Hex/Summ       7%           30%         3
 Summon Ice Beast         Ice/Summ       7%           71%         4
 Summon Lightning Spire   Summ/Air       7%           71%         4


Dungeon Overview and Level Annotations

Branches:
Dungeon (1/15)

Altars:


Message History

You hit the hobgoblin but do no damage.
Your quokka bites the hobgoblin.
The hobgoblin completely misses you.
You hit the hobgoblin but do no damage.
The hobgoblin is heavily wounded.
Your quokka bites the hobgoblin.
The hobgoblin dies!
The goblin misses your quokka.
Your quokka bites the goblin.
You see here a +0 club.
You swap places.
The goblin hits you with a +0 club.
There is an open door here.
You closely miss the goblin.
The goblin is heavily wounded.
The goblin closely misses you.
You closely miss the goblin.
The goblin is heavily wounded.
The goblin hits you but does no damage.
You closely miss the goblin.
The goblin is heavily wounded.
The goblin hits you with a +0 club.
You die...

#.. #..# #.# #####..# #.#
##..§...## # #.#
##+##.§≈§≈≈..# #. #.#
##...#§§≈§≈§§.. .###.###.#
##.....§§§><§§..
$........#
##.......≈§≈§.≈..
#.#...####........§≈≈≈≈...
#.......g@r...............
#.#..>####..........###...
#....## ##.......### ##.#
####.# ##.....## ##. #.#
##...## . #.# ##'## . #.#
#.# . #.# #.# #.# ##.##


You could see a goblin and a friendly quokka (summoned).

Vanquished Creatures (collateral kills)
  A giant cockroach (D:1)
  A hobgoblin (D:1)
2 creatures vanquished.

Notes
Turn   | Place    | Note
-------+----------+-------------------------------------------
     0 | D:1      | skwiii the Merfolk Summoner began the quest for the Orb.
     0 | D:1      | Reached XP level 1. HP: 13/13 MP: 3/3
   103 | D:1      | Slain by a goblin

Illustrated notes

Levels and vault maps discovered:
D:1:      dpeg_arrival_pits, layout_loops_corners

Action                   || total
-------------------------++-------
Melee: Unarmed           ||     5
 Cast: Summon Small Mamm ||     3
Armor: Robe              ||     1
Dodge: Dodged            ||     6

Table legend: (Time is in decaauts)
 A = Elapsed time spent in this place.
 B = Non-inter-level travel time spent in this place.
 C = Inter-level travel time spent in this place.
 D = Time resting spent in this place.
 E = Time spent auto-exploring this place.
 F = Levels seen in this place.
 G = Mean time per level.
                   A        B        C        D        E       F      G
               +--------+--------+--------+--------+--------+-----+--------+
         Total |    103 |    103 |      0 |      0 |      0 |   1 |  103.0 |
       Dungeon |    103 |    103 |      0 |      0 |      0 |   1 |  103.0 |
               +--------+--------+--------+--------+--------+-----+--------+

Top non-repeatable levels by time:
     D:1: 103 daAuts
